[Event "Titled Tuesday Blitz December 14 2021"]
[White "Kanyamarala, Tarun"]
[Black "Erdogdu, Mert"]
[WhiteFideId "45004714"]
[BlackFideId "6301495"]
[WhiteElo "2077"]
[BlackElo "2485"]
[Result "1-0"]
[Round "05"]
[TimeControl "180+1"]
[Date "2021.12.15"]
[WhiteClock "0:00:07"]
[BlackClock "0:00:07"]

1. d4 d5 2. c4 e6 3. Nc3 c5 4. e3 Nf6 5. Nf3 a6 6. cxd5 exd5 7. Be2 Nc6 8. O-O cxd4 9. Nxd4 Bd6 10. b3 O-O 11. Bb2 Re8 12. Rc1 Bd7 13. Nxc6 Bxc6 14. Bf3 Ne4 15. h3 Qd7 16. Nxe4 dxe4 17. Qd4 f6 18. Be2 Rad8 19. Bc4+ Kh8 20. Kh1 Qe7 21. Qc3 Bb4 22. Qc2 Rd2 23. Qb1 Red8 24. Bxa6 Bd6 25. Bc4 Bb8 26. Bc3 Qc7 27. g3 R2d7 28. Rfd1 h5 29. Be6 Rxd1+ 30. Rxd1 h4 31. Rxd8+ Qxd8 32. Qg1 hxg3 33. fxg3 Qd3 34. Bd4 Qc2 35. Qg2 Qd1+ 36. Kh2 Qh5 37. Bg4 Qh6 38. Qf2 Bd6 39. Qf5 Kg8 40. Qc8+ Kh7 41. Qf5+ Kh8 42. Qe6 Kh7 43. Qxd6 Qg5 44. Qf4 Qb5 45. Bf5+ Kg8 46. Be6+ Kh7 47. Qh4+ Kg6 48. Qg4+ Kh7 49. Qf5+ Qxf5 50. Bxf5+ g6 51. Be6 f5 52. g4 f4 53. exf4 Kh6 54. Kg3 Bb5 55. Bg8 Bd3 56. Be3 Bb1 57. Bc4 Bxa2 58. f5+ Kh7 59. Kf4 gxf5 60. gxf5 b5 61. Bxb5 Bxb3 62. Bc6 Bc2 63. Bxe4 Bb3 64. Bd4 Bf7 65. h4 Kh6 66. Be3 Kh5 67. Bf2 Kh6 68. Ke5 Kh5 69. Kf6 Bd5 70. Bxd5 1-0


[Site "https://www.chess.com"]

[Event "Titled Tuesday Blitz December 14 2021"]
[White "Karttunen, Mika"]
[Black "Matinian, Nikita"]
[WhiteFideId "502081"]
[BlackFideId "24129100"]
[WhiteElo "2343"]
[BlackElo "2422"]
[Result "1/2-1/2"]
[Round "05"]
[TimeControl "180+1"]
[Date "2021.12.15"]
[WhiteClock "0:00:20"]
[BlackClock "0:00:11"]

1. d4 Nf6 2. c4 g6 3. f3 Bg7 4. e4 O-O 5. Be3 d6 6. Nc3 Nc6 7. Nge2 a6 8. Nc1 Re8 9. Nb3 Rb8 10. Qd2 e5 11. d5 Ne7 12. c5 Nd7 13. g4 f5 14. gxf5 gxf5 15. cxd6 cxd6 16. Bg5 Kh8 17. O-O-O b5 18. Kb1 b4 19. Na4 Nf6 20. Bxf6 Bxf6 21. Nac5 dxc5 22. d6 Be6 23. Nxc5 Bxa2+ 24. Kxa2 Qa5+ 25. Kb1 Qxc5 26. dxe7 Qxe7 27. Bc4 Rbd8 28. Bd5 a5 29. Qc2 b3 30. Qc6 Rc8 31. Qa4 Red8 32. Rc1 Rb8 33. Qxa5 Bg5 34. Rc7 Qf6 35. Qa7 Qh6 36. h4 Be3 37. Qa3 Qd6 38. Qxd6 Rxd6 39. Rc3 Bd4 40. Rxb3 Rxb3 41. Bxb3 Rb6 42. Kc2 f4 43. Ra1 Kg7 44. Ra7+ Kh6 45. Rc7 Bf2 46. Re7 Bxh4 47. Rxe5 Bf6 48. Re6 Rxe6 49. Bxe6 Kg7 50. b4 Bd4 51. Kd3 Be3 52. e5 h5 53. Ke4 h4 54. Bg4 Kf8 55. b5 Ke7 56. Kd5 Kd8 57. Kd6 Bb6 58. e6 Bc7+ 59. Kc6 Be5 60. Kd5 Bc7 61. Ke4 Ke7 62. Kd5 Kd8 63. Kc6 Be5 64. b6 Ke7 65. b7 Kd8 66. Kd5 Bb8 67. Ke4 Ke7 68. Kf5 Bd6 69. Kg5 Bb8 70. Kxh4 Bd6 71. Kg5 Bb8 72. Kf5 Bd6 73. Ke4 Bb8 74. Kd5 Bc7 75. Kc6 Bb8 76. Kb6 Kd8 77. Bf5 Ke7 78. Kc6 Kd8 79. Be4 Ke7 80. Bf5 Kd8 81. Bg4 Ke7 82. Kd5 Kd8 83. Kc6 Ke7 1/2-1/2


[Site "https://www.chess.com"]

[Event "Titled Tuesday Blitz December 14 2021"]
[White "Kilpatrick, Callum"]
[Black "Ogloblin, Nikolay"]
[WhiteFideId "414425"]
[BlackFideId "4139658"]
[WhiteElo "2579"]
[BlackElo "2272"]
[Result "1/2-1/2"]
[Round "05"]
[TimeControl "180+1"]
[Date "2021.12.15"]
[WhiteClock "0:00:23"]
[BlackClock "0:00:23"]

1. d4 Nf6 2. Nc3 d5 3. Bg5 Nbd7 4. Qd3 g6 5. O-O-O Bg7 6. f3 O-O 7. e4 dxe4 8. fxe4 c5 9. e5 Ng4 10. Nd5 f6 11. Bh4 Nb6 12. exf6 exf6 13. dxc5 Nxd5 14. Qxd5+ Qxd5 15. Rxd5 Ne3 16. Rd1 Bh6 17. Nf3 Nxd1+ 18. Kxd1 Bg4 19. Bc4+ Kg7 20. Bd3 Be3 21. b4 g5 22. Bg3 a5 23. Re1 Rfe8 24. Bb5 Re4 25. Bf2 Rd8+ 26. Bd3 Bxf3+ 27. gxf3 Bxf2 28. Rxe4 axb4 29. Rxb4 Rd7 30. Rb5 Rc7 31. Be4 Bxc5 32. Bxb7 f5 33. c4 Kf6 34. Bd5 Ke5 35. Ke2 Kd4 36. Rb3 Ra7 37. Rd3+ Ke5 38. Rd2 Ra3 39. Bc6 Bd4 40. c5 Re3+ 41. Kf1 Rc3 42. Re2+ Kf4 43. a4 Rxc5 44. Bb7 Rc1+ 45. Re1 Rc2 46. Re2 Rc1+ 47. Re1 Rc7 48. Bd5 Rc5 49. Bb7 Rc7 50. Bd5 h5 51. a5 Ra7 52. Rd1 Ke5 53. Bc6 Rxa5 54. Re1+ Kf4 55. Bb7 Ra2 56. Re2 Ra3 57. Kg2 h4 58. h3 Rb3 59. Bd5 Be3 60. Re1 Rb2+ 61. Kh1 Kg3 62. Be6 Kxf3 63. Bxf5 Bf4 64. Bg4+ Kf2 65. Rg1 Ke3 66. Rg2 Rb1+ 67. Rg1 Rb2 68. Re1+ Kd4 69. Rd1+ Kc3 70. Re1 Rh2+ 71. Kg1 Rd2 72. Rf1 Kd4 73. Rd1 Be3+ 74. Kf1 Rxd1+ 75. Bxd1 Ke4 76. Bg4 Kf4 77. Kg2 Bd4 78. Bh5 Be5 79. Bg4 Bd4 80. Bh5 Be5 81. Bg4 Bd4 1/2-1/2


[Site "https://www.chess.com"]

[Event "Titled Tuesday Blitz December 14 2021"]
[White "Koellner, Ruben Gideon"]
[Black "Garagulya, Konstantin"]
[WhiteFideId "12993093"]
[BlackFideId "4128931"]
[WhiteElo "2572"]
[BlackElo "2329"]
[Result "1-0"]
[Round "05"]
[TimeControl "180+1"]
[Date "2021.12.15"]
[WhiteClock "0:00:07"]
[BlackClock "0:00:08"]

1. d4 Nf6 2. Bg5 e6 3. Nd2 d5 4. e3 c5 5. Bd3 Qb6 6. dxc5 Bxc5 7. Nb3 Be7 8. Nf3 Nc6 9. O-O e5 10. Be2 Be6 11. Rc1 Rd8 12. Bh4 O-O 13. Bg3 Qc7 14. Nfd4 Bc8 15. c4 Ne4 16. Nxc6 bxc6 17. cxd5 Nxg3 18. hxg3 c5 19. Bc4 Bd6 20. Qc2 a5 21. Nd2 Bd7 22. Ne4 Rb8 23. b3 f5 24. Nxd6 Qxd6 25. Rfd1 Rfc8 26. Qc3 a4 27. Rd2 a3 28. Rcd1 g6 29. Qc2 Kg7 30. Qc1 Ra8 31. Qc3 Kf7 32. f4 Re8 33. Kf2 Re7 34. Rh1 Kg8 35. fxe5 Rxe5 36. Qd3 Rae8 37. Re2 Kg7 38. Qc3 Qf6 39. Rh4 g5 40. Rh5 h6 41. Rh1 Rh8 42. Rh2 Rhe8 43. Qa1 R8e7 44. Qc3 Be8 45. Rh1 Bg6 46. Rhe1 Bh5 47. Rd2 f4 48. exf4 Rxe1 49. Qxf6+ Kxf6 50. fxg5+ hxg5 51. d6 Rd1 52. Rxd1 Bxd1 53. dxe7 Kxe7 54. Ke3 Kf6 55. Kd2 Bg4 56. Kc3 Ke5 57. b4 cxb4+ 58. Kxb4 Kd4 59. Bb3 Bf5 60. Kxa3 Ke3 61. Bd5 Kd4 62. Bc6 Kc5 63. Bf3 g4 64. Ba8 Bd7 65. Kb2 Kb4 66. a3+ Ka4 67. Bd5 Bf5 68. Bb3+ Kb5 69. Kc3 Kc5 70. Kd2 Be4 71. Ke3 Bxg2 72. Kf4 Bf3 73. Be6 Kb5 74. Bd7+ Kc4 75. Bxg4 Bc6 76. Be6+ Kc3 77. g4 Be8 78. g5 Kb2 79. a4 Ka3 80. a5 Kb4 81. a6 Ka5 82. a7 Bc6 83. g6 Kb6 84. g7 Bd5 85. g8=Q Bxe6 86. Qxe6+ Kxa7 87. Ke5 1-0


[Site "https://www.chess.com"]

[Event "Titled Tuesday Blitz December 14 2021"]
[White "Kosakowski, Jakub"]
[Black "Kazancev, Valerij M"]
[WhiteFideId "1185080"]
[BlackFideId "4179609"]
[WhiteElo "2340"]
[BlackElo "2481"]
[Result "1/2-1/2"]
[Round "05"]
[TimeControl "180+1"]
[Date "2021.12.15"]
[WhiteClock "0:00:09"]
[BlackClock "0:00:08"]

1. e4 c5 2. Nf3 d6 3. d4 cxd4 4. Qxd4 Nf6 5. Nc3 a6 6. Bg5 Nc6 7. Qd2 e6 8. O-O-O Be7 9. h4 h6 10. Bxf6 gxf6 11. Be2 Qc7 12. Kb1 Bd7 13. g3 O-O-O 14. Rhe1 Kb8 15. Bf1 Bc8 16. a3 Ne5 17. Nd4 Nc4 18. Qd3 Nb6 19. Bg2 Rhg8 20. Nde2 Nc4 21. f4 Rg7 22. f5 Rdg8 23. Bh3 Ne5 24. Qe3 h5 25. Rg1 Qc5 26. Qf4 Nc4 27. Qf3 Qb6 28. Na4 Qc6 29. Nac3 Qb6 30. b3 Nxa3+ 31. Kc1 Nb5 32. Nxb5 axb5 33. Nf4 exf5 34. exf5 Qc5 35. Nxh5 Rh7 36. Nf4 Bd8 37. Nd5 Rxh4 38. b4 Rxb4 39. Nxb4 Qxb4 40. Rd3 Bb6 41. Rgd1 Bc5 42. Rb3 Qa4 43. Kb1 b4 44. Bg2 Rg5 45. g4 Qa6 46. Qe4 Qb5 47. Bf1 Qc6 48. Rd5 Kc7 49. Bg2 Qd7 50. c3 Qa4 51. Qc4 Rxg4 52. Rxc5+ dxc5 53. Qxc5+ Kb8 54. Qd6+ Ka7 55. Qc5+ Kb8 56. Qd6+ Ka7 57. Qc5+ Kb8 1/2-1/2


[Site "https://www.chess.com"]

[Event "Titled Tuesday Blitz December 14 2021"]
[White "Liyanage, Ranindu Dilshan"]
[Black "Jobava, Baadur"]
[WhiteFideId "9915834"]
[BlackFideId "13601520"]
[WhiteElo "1839"]
[BlackElo "2689"]
[Result "0-1"]
[Round "05"]
[TimeControl "180+1"]
[Date "2021.12.14"]
[WhiteClock "0:00:11"]
[BlackClock "0:00:16"]

1. e4 c6 2. d4 d5 3. e5 Bf5 4. h4 Qc7 5. Nc3 h6 6. g4 Bh7 7. Bd3 Bxd3 8. Qxd3 e6 9. f4 h5 10. f5 hxg4 11. fxe6 fxe6 12. Nge2 Ne7 13. Bg5 Na6 14. O-O-O O-O-O 15. Qg3 Nf5 16. Qxg4 Be7 17. Ng3 g6 18. Nxf5 gxf5 19. Qf4 Rdg8 20. Rdg1 Bf8 21. Bf6 Rxg1+ 22. Rxg1 Bh6 23. Bg5 Qg7 24. Ne2 c5 25. Kb1 cxd4 26. Qxd4 Bxg5 27. Rxg5 Qe7 28. Qxa7 Rxh4 29. Rg8+ Kc7 30. Qa8 Rh1+ 31. Nc1 Kb6 32. Qc8 Nc5 33. Re8 Qg5 34. Qd8+ Qxd8 35. Rxd8 Re1 36. b4 Na4 37. a3 Rxe5 38. Nd3 Re3 39. Ra8 Nc3+ 40. Kb2 d4 41. Rf8 Kc6 42. Kb3 Nd5 43. a4 e5 44. Kc4 Nb6+ 45. Kb3 e4 46. Rf6+ Kc7 47. a5 Nd7 48. Rxf5 exd3 49. cxd3 Rxd3+ 50. Kc4 Rd1 51. Rd5 d3 52. Kc3 Nf6 53. Rxd3 Nd5+ 54. Kc4 Rxd3 55. Kxd3 Nxb4+ 56. Kc4 Nc6 57. Kb5 Nxa5 58. Kxa5 Kc6 59. Ka4 Kc5 60. Ka3 Kc4 61. Kb2 Kb4 62. Kc2 Ka3 0-1


[Site "https://www.chess.com"]

[Event "Titled Tuesday Blitz December 14 2021"]
[White "Majdan, Joanna"]
[Black "Vantika, Agrawal"]
[WhiteFideId "1121979"]
[BlackFideId "25050389"]
[WhiteElo "2270"]
[BlackElo "1917"]
[Result "0-1"]
[Round "05"]
[TimeControl "180+1"]
[Date "2021.12.15"]
[WhiteClock "0:00:08"]
[BlackClock "0:00:10"]

1. e4 c5 2. c4 Nc6 3. Ne2 Nf6 4. Nbc3 e6 5. g3 h5 6. Bg2 h4 7. O-O d6 8. d3 hxg3 9. fxg3 Ng4 10. h3 Nge5 11. Be3 Bd7 12. b3 a6 13. d4 cxd4 14. Nxd4 Qc7 15. Nxc6 Bxc6 16. Qd4 Be7 17. Rad1 Rd8 18. Bf4 Bf6 19. Qf2 Nxc4 20. Nd5 exd5 21. exd5 Bb5 22. bxc4 Bxc4 23. Rfe1+ Kf8 24. Be3 Qd7 25. Bb6 Rc8 26. Rc1 Rh5 27. Re4 Bxd5 28. Ree1 Bxg2 29. Qxg2 Rxc1 30. Rxc1 Kg8 31. h4 Rb5 32. Be3 d5 33. Qf3 d4 34. Bf4 d3 35. Rc7 Qd5 36. Qd1 d2 37. Qxd2 Rb1+ 38. Kf2 Rb2 39. Rc8+ Kh7 40. Qxb2 Bxb2 41. Rc2 Bd4+ 42. Ke2 Qe4+ 43. Kd1 b5 44. Re2 Qd3+ 45. Rd2 Qb1+ 46. Ke2 Bc3 47. Rd3 Qc2+ 48. Bd2 Bxd2 49. Rxd2 Qe4+ 50. Kd1 b4 51. Rf2 a5 52. Rf4 Qd3+ 53. Ke1 Qxg3+ 0-1


[Site "https://www.chess.com"]

[Event "Titled Tuesday Blitz December 14 2021"]
[White "Makarian, Rudik"]
[Black "Sviridov, Valery"]
[WhiteFideId "44105681"]
[BlackFideId "4120680"]
[WhiteElo "2486"]
[BlackElo "2454"]
[Result "0-1"]
[Round "05"]
[TimeControl "180+1"]
[Date "2021.12.14"]
[WhiteClock "0:00:04"]
[BlackClock "0:01:35"]

1. d4 g6 2. h4 h6 3. h5 g5 4. e4 Bg7 5. Nc3 d6 6. f4 gxf4 7. Bxf4 Nc6 8. d5 Ne5 9. Be2 c6 10. Nf3 Ng4 11. Qd2 Qb6 12. O-O-O N8f6 13. e5 Nxd5 14. Nxd5 cxd5 15. Qxd5 a6 16. Bc4 Be6 17. Qe4 Nf2 18. Qe2 Bxc4 19. Qxc4 Nxh1 20. Rxh1 dxe5 21. Nxe5 Bxe5 22. Bxe5 Qe3+ 23. Kb1 Qxe5 24. Rf1 Qe6 25. Qc3 Rg8 0-1


[Site "https://www.chess.com"]

[Event "Titled Tuesday Blitz December 14 2021"]
[White "Maksimenko, Viktor"]
[Black "Demchenko, Anton"]
[WhiteFideId "13710478"]
[BlackFideId "4160258"]
[WhiteElo "2269"]
[BlackElo "2531"]
[Result "1-0"]
[Round "05"]
[TimeControl "180+1"]
[Date "2021.12.14"]
[WhiteClock "0:00:53"]
[BlackClock "0:00:04"]

1. d4 d5 2. c4 dxc4 3. e3 Nf6 4. Nf3 e6 5. Bxc4 a6 6. O-O Be7 7. Nbd2 O-O 8. b3 b6 9. Bb2 Bb7 10. Rc1 Nbd7 11. Qe2 c5 12. Rfd1 cxd4 13. Nxd4 b5 14. Bd3 Qb6 15. Bb1 Rfd8 16. N2f3 h6 17. h3 Rac8 18. Rxc8 Rxc8 19. Rc1 Rd8 20. Qc2 Nc5 21. Ne5 Bd6 22. Nxf7 Be4 23. Nxh6+ gxh6 24. Qe2 Bxb1 25. Rxb1 Be7 26. Nf3 Nce4 27. Rc1 Qd6 28. Bd4 Ng5 29. Ne5 Nf7 30. f4 Re8 31. Rc6 Qd5 32. Rc7 Nxe5 33. fxe5 Nh7 34. Qh5 Qd8 35. Ra7 Kg7 36. Rxa6 Qd7 37. Ra7 Qd8 38. Qg4+ Kf7 39. Qf3+ Kg8 40. Qg4+ Kf7 41. Qe4 Kg7 42. Qc6 Ng5 43. h4 Nf7 44. Qxe6 Bf8 45. Qxf7+ 1-0


[Site "https://www.chess.com"]

[Event "Titled Tuesday Blitz December 14 2021"]
[White "Maksimovic, Bojan"]
[Black "Janaszak, Dawid"]
[WhiteFideId "14408120"]
[BlackFideId "1119206"]
[WhiteElo "2458"]
[BlackElo "2215"]
[Result "0-1"]
[Round "05"]
[TimeControl "180+1"]
[Date "2021.12.15"]
[WhiteClock "0:00:01"]
[BlackClock "0:00:12"]

1. e4 c5 2. Nf3 Nc6 3. Bb5 e5 4. O-O Bd6 5. c3 a6 6. Ba4 Nge7 7. d4 exd4 8. cxd4 cxd4 9. Nxd4 Qc7 10. h3 O-O 11. Nc3 Nxd4 12. Qxd4 Be5 13. Qd3 b5 14. Bb3 Bb7 15. Bd2 Rad8 16. Rac1 Qb8 17. f4 Bc7 18. a3 Kh8 19. Nd5 Nxd5 20. Bxd5 Bb6+ 21. Kh1 Rc8 22. Bb4 Rxc1 23. Rxc1 Rc8 24. Rf1 Bc5 25. Bxc5 Rxc5 26. Bxf7 Qc7 27. Bb3 Rc1 28. e5 Qc6 29. Qe2 Qxg2+ 30. Qxg2 Rxf1+ 31. Kh2 Bxg2 32. Kxg2 Rb1 33. Kf3 Rxb2 34. Bd5 Rd2 35. Ke4 g6 36. Bb7 a5 37. Ba6 b4 38. axb4 axb4 39. Bc4 Kg7 40. Ke3 Rc2 41. Bb5 Rc3+ 42. Kd4 Rc7 43. Ba4 h5 44. Kd5 Rb7 45. Bb3 Ra7 46. Kc5 Rb7 0-1


[Site "https://www.chess.com"]

[Event "Titled Tuesday Blitz December 14 2021"]
[White "Martins, Bruno Andre Leite"]
[Black "Rasulov, Vugar"]
[WhiteFideId "1942255"]
[BlackFideId "13402390"]
[WhiteElo "2137"]
[BlackElo "2560"]
[Result "0-1"]
[Round "05"]
[TimeControl "180+1"]
[Date "2021.12.14"]
[WhiteClock "0:01:11"]
[BlackClock "0:01:08"]

1. e4 d5 2. exd5 Qxd5 3. Nc3 Qa5 4. d4 Bf5 5. Nf3 c6 6. Ne5 e6 7. Bc4 Nf6 8. g4 Be4 9. O-O Bd5 10. Qe2 Bb4 11. Bd2 O-O 12. a3 Bxc3 13. Bxc3 Qc7 14. Bd3 Nbd7 15. Nxd7 Nxd7 16. Bd2 e5 17. dxe5 Nxe5 18. Bf4 Rae8 19. Bxe5 Rxe5 20. Qd2 Qe7 21. Rae1 Re8 22. Rxe5 Qxe5 23. f3 Qxb2 24. Qb4 Qxb4 25. axb4 Kf8 26. c4 Be6 27. Ra1 a6 28. b5 axb5 29. cxb5 Rd8 30. Be4 cxb5 31. Rb1 Bc4 32. Kf2 b6 33. Bc6 Rd2+ 34. Kg3 Rd6 35. Bxb5 Bxb5 36. Rxb5 Ke7 37. Rb2 Kd7 38. Ra2 Kc6 39. h4 Rd7 40. Rc2+ Kb7 41. Rb2 h6 42. g5 hxg5 43. hxg5 g6 44. Kf4 Rd5 45. Re2 Rf5+ 46. Kg4 b5 47. Re4 Kc6 48. f4 Kc5 49. Kf3 b4 50. Ke3 Kb5 51. Kd3 Ka4 52. Kc4 b3 53. Kc3+ Ka3 54. Re8 Rc5+ 55. Kd4 Rc7 56. Ra8+ Kb2 57. Kd3 Kb1 58. Kd2 b2 59. Rh8 Ra7 60. Rh2 Ka1 0-1


[Site "https://www.chess.com"]

[Event "Titled Tuesday Blitz December 14 2021"]
[White "Mitrabha, Guha"]
[Black "Suvorov, Alexander"]
[WhiteFideId "5057000"]
[BlackFideId "12977063"]
[WhiteElo "2370"]
[BlackElo "2221"]
[Result "0-1"]
[Round "05"]
[TimeControl "180+1"]
[Date "2021.12.15"]
[WhiteClock "0:00:10"]
[BlackClock "0:00:35"]

1. d4 Nf6 2. Nf3 d5 3. Bf4 c5 4. e3 Nc6 5. Nbd2 cxd4 6. exd4 Qb6 7. Nb3 Bf5 8. a4 a6 9. a5 Qd8 10. c3 e6 11. Bd3 Bxd3 12. Qxd3 Be7 13. O-O O-O 14. Rfe1 h6 15. Bg3 Ne4 16. Nfd2 Nxg3 17. hxg3 Bd6 18. Nf3 Rb8 19. Ra2 Qc7 20. Rea1 Rfc8 21. Nbd2 Ne7 22. Rc1 Qd7 23. Qb1 Qb5 24. b4 Rc7 25. Nb3 Ng6 26. Nc5 e5 27. dxe5 Bxc5 28. bxc5 Qxb1 29. Rxb1 Rxc5 30. Rab2 Rxa5 31. Rxb7 Rxb7 32. Rxb7 Rc5 33. Nd4 Nxe5 34. Nf5 Rxc3 35. Ne7+ Kh7 36. f3 d4 37. Nf5 d3 38. Kf2 Rc2+ 39. Ke1 Rxg2 40. f4 Nf3+ 0-1


[Site "https://www.chess.com"]

[Event "Titled Tuesday Blitz December 14 2021"]
[White "Moroni, Luca Jr"]
[Black "Guz, Ari"]
[WhiteFideId "865834"]
[BlackFideId "2825759"]
[WhiteElo "2491"]
[BlackElo "1913"]
[Result "1-0"]
[Round "05"]
[TimeControl "180+1"]
[Date "2021.12.14"]
[WhiteClock "0:00:03"]
[BlackClock "0:00:00"]

1. d4 Nf6 2. c4 g6 3. Nc3 Bg7 4. e4 d6 5. Bd3 O-O 6. Nge2 c5 7. d5 Nbd7 8. O-O Ne5 9. f4 Nxd3 10. Qxd3 e6 11. dxe6 Bxe6 12. f5 Bd7 13. Bg5 Qb6 14. Bxf6 Bxf6 15. Nd5 Qxb2 16. Rab1 Qe5 17. Nxf6+ Qxf6 18. fxg6 Qxg6 19. Nf4 Qh6 20. Nd5 Be6 21. Qg3+ Qg7 22. Nf6+ Kh8 23. Qxd6 Rad8 24. Qxc5 Rd2 25. Rf2 Rfd8 26. Rbf1 Rxf2 27. Qxf2 Bxc4 28. Rc1 Bxa2 29. e5 Be6 30. Qxa7 Qg5 31. Re1 b5 32. Qb6 Qd2 33. Qe3 Qxe3+ 34. Rxe3 b4 35. Re4 b3 36. Rb4 Kg7 37. g4 Rc8 38. h4 Rc4 39. Rb8 Rc8 40. Rb4 Rc4 41. Rb8 Rc8 42. Rb7 Rc1+ 43. Kf2 Rc2+ 44. Kg3 Rc3+ 45. Kf4 Rc4+ 46. Kg5 h6+ 47. Kh5 Rc5 48. Rb8 Rc8 49. Rb7 Rc5 50. g5 hxg5 51. hxg5 Rc8 52. g6 1-0


[Site "https://www.chess.com"]

[Event "Titled Tuesday Blitz December 14 2021"]
[White "Moskalenko, Alexander"]
[Black "Shimelkov, Vasiliy"]
[WhiteFideId "4155351"]
[BlackFideId "13701630"]
[WhiteElo "2515"]
[BlackElo "2073"]
[Result "1-0"]
[Round "05"]
[TimeControl "180+1"]
[Date "2021.12.14"]
[WhiteClock "0:02:01"]
[BlackClock "0:00:29"]

1. Nf3 d5 2. g3 Nf6 3. Bg2 c5 4. O-O Nc6 5. d3 e5 6. e4 Be7 7. Nc3 O-O 8. exd5 Nxd5 9. Nxe5 Nxc3 10. Nxc6 Nxd1 11. Nxd8 Rxd8 12. Rxd1 Rb8 13. Bf4 Bd6 14. Bxd6 Rxd6 15. Re1 Kf8 16. a4 Bd7 17. a5 Bc6 18. Bxc6 Rxc6 19. b3 Rd8 20. Re4 Rd4 21. Kf1 Rxe4 22. dxe4 c4 23. b4 c3 24. Ra3 Rc4 25. f3 Rxb4 26. Rxc3 Rb5 27. Rc8+ Ke7 28. Rc7+ Ke6 29. Ke2 a6 30. h4 g6 31. g4 h5 32. g5 f6 33. Rg7 Rxa5 34. Rxg6 Ra2 35. Rxf6+ Ke7 36. Kd3 a5 37. Rb6 a4 38. Rxb7+ Kf8 39. Ra7 a3 40. f4 Ra1 41. Kc3 Rf1 42. f5 Rf4 43. Kd4 1-0


[Site "https://www.chess.com"]

[Event "Titled Tuesday Blitz December 14 2021"]
[White "Nazaretyan, Tigran"]
[Black "Sychev, Klementy"]
[WhiteFideId "24162345"]
[BlackFideId "4114060"]
[WhiteElo "2192"]
[BlackElo "2615"]
[Result "0-1"]
[Round "05"]
[TimeControl "180+1"]
[Date "2021.12.15"]
[WhiteClock "0:00:17"]
[BlackClock "0:00:04"]

1. d4 f5 2. Nf3 Nf6 3. g3 g6 4. Bg2 Bg7 5. O-O O-O 6. c3 d6 7. Qb3+ Kh8 8. Nbd2 Nc6 9. Ng5 d5 10. Ndf3 h6 11. Nh3 g5 12. Ne5 Nxe5 13. dxe5 Ne4 14. f4 g4 15. Nf2 c6 16. Be3 Qc7 17. Rad1 b5 18. Nd3 a5 19. a4 Rb8 20. axb5 Rxb5 21. Qa3 Be6 22. Nc5 Nxc5 23. Bxc5 Rfb8 24. b4 Bf8 25. Ra1 Bc8 26. bxa5 Ba6 27. Bb6 Qb7 28. e6 Bg7 29. Rfc1 Kh7 30. Kh1 h5 31. h4 gxh3 32. Bxh3 Kg6 33. Qa2 Qc8 34. e4 dxe4 35. Rab1 Rd5 36. c4 Rd3 37. Rg1 Qxe6 38. Qe2 Bxc4 39. Qg2 e3 40. Rbe1 Bd5 41. Kh2 Bxg2 42. Rxg2 Bd4 43. Bxd4 Rxd4 44. Rge2 Rd3 45. a6 Ra3 46. a7 Ra8 47. Rc2 R8xa7 48. Rec1 Ra2 49. Bg2 Rxc2 50. Rxc2 Ra2 51. Rxc6 Qxc6 52. Kh3 Qxg2+ 0-1


[Site "https://www.chess.com"]

[Event "Titled Tuesday Blitz December 14 2021"]
[White "Nazari, Arad"]
[Black "Zubov, Alexander"]
[WhiteFideId "12577324"]
[BlackFideId "14109409"]
[WhiteElo "2119"]
[BlackElo "2685"]
[Result "0-1"]
[Round "05"]
[TimeControl "180+1"]
[Date "2021.12.14"]
[WhiteClock "0:00:23"]
[BlackClock "0:00:20"]

1. e4 c5 2. Nf3 e6 3. d4 cxd4 4. Nxd4 a6 5. Nc3 b5 6. Bd3 Qb6 7. Be3 Bc5 8. Nce2 Nf6 9. h3 Bb7 10. O-O Bxe4 11. b4 Bxd4 12. Bxd4 Qb7 13. Bxf6 gxf6 14. Bxe4 Qxe4 15. a3 Nc6 16. Ng3 Qh4 17. Qf3 f5 18. Rfe1 O-O 19. a4 Qxb4 20. axb5 axb5 21. Rab1 Qh4 22. Qd3 d5 23. Qxb5 Rac8 24. Ra1 Nd4 25. Qb4 Nf3+ 0-1


[Site "https://www.chess.com"]

[Event "Titled Tuesday Blitz December 14 2021"]
[White "Nesterov, Arseniy"]
[Black "Donchenko, Alexander"]
[WhiteFideId "24198455"]
[BlackFideId "24603295"]
[WhiteElo "2489"]
[BlackElo "2494"]
[Result "0-1"]
[Round "05"]
[TimeControl "180+1"]
[Date "2021.12.14"]
[WhiteClock "0:00:06"]
[BlackClock "0:00:07"]

1. d4 Nf6 2. c4 e6 3. Nc3 Bb4 4. Qc2 d5 5. Nf3 dxc4 6. e4 b5 7. a4 c6 8. Be2 Bb7 9. O-O a6 10. Bg5 h6 11. Bh4 g5 12. Bg3 Nbd7 13. e5 Nh5 14. Ne4 Be7 15. Nfd2 Ng7 16. b3 Nf5 17. Qb2 Nb6 18. Nd6+ Bxd6 19. exd6 Nxg3 20. hxg3 Qxd6 21. bxc4 Nxa4 22. Rxa4 bxa4 23. Qxb7 O-O 24. Qb2 Rfd8 25. Nf3 g4 26. Ne5 Qxd4 27. Qxd4 Rxd4 28. Nxc6 Rd2 29. Bxg4 a3 30. Ra1 a2 31. Nb4 Rc8 32. Rxa2 Rxa2 33. Nxa2 Rxc4 34. Bf3 a5 35. Bd1 Rd4 36. Bb3 Rd3 37. Bc4 Rd1+ 38. Kh2 Rd2 39. f4 a4 40. Nc3 Rc2 41. Nxa4 Rxc4 42. Nb6 Rd4 43. Nc8 Kf8 44. Na7 Rc4 45. Nb5 Ke7 46. Na3 Rc3 47. Nb5 Rd3 48. Kg1 Kd7 49. Kf2 Kc6 50. Ke2 Rxg3 51. Nd4+ Kd5 52. Kf2 Rxg2+ 53. Kxg2 Kxd4 54. f5 exf5 0-1


[Site "https://www.chess.com"]

[Event "Titled Tuesday Blitz December 14 2021"]
[White "Pakleza, Zbigniew"]
[Black "Lazavik, Denis"]
[WhiteFideId "1119290"]
[BlackFideId "13515110"]
[WhiteElo "2526"]
[BlackElo "2436"]
[Result "0-1"]
[Round "05"]
[TimeControl "180+1"]
[Date "2021.12.14"]
[WhiteClock "0:00:05"]
[BlackClock "0:01:00"]

1. d4 Nf6 2. Nf3 d5 3. Bf4 e6 4. e3 Bd6 5. Bg3 O-O 6. Nbd2 c5 7. c3 b6 8. Ne5 Bb7 9. Bd3 Nc6 10. f4 Ne7 11. Bf2 Ne4 12. Nxe4 dxe4 13. Be2 cxd4 14. cxd4 Bb4+ 15. Kf1 Rc8 16. a3 Bd6 17. Nc4 Bb8 18. g4 Bxf4 19. exf4 e3 20. Rg1 exf2 21. Kxf2 Rxc4 22. Bxc4 Ng6 23. Ke3 Qc7 24. Qf1 Nxf4 25. Qxf4 Qxc4 26. Rad1 Qb3+ 27. Rd3 Qxb2 28. Qf2 Qb5 29. Rc1 e5 30. dxe5 Qxe5+ 31. Kd2 Be4 32. Rd7 Qb2+ 33. Ke3 Qxc1+ 34. Kxe4 Qc6+ 35. Rd5 Re8+ 36. Kd4 Qa4+ 37. Kc3 Qxa3+ 38. Kd4 Qb4+ 39. Kd3 Qe4+ 0-1


[Site "https://www.chess.com"]

[Event "Titled Tuesday Blitz December 14 2021"]
[White "Panesar Vedant"]
[Black "Babazada, Khazar"]
[WhiteFideId "35033018"]
[BlackFideId "13413554"]
[WhiteElo "1971"]
[BlackElo "2302"]
[Result "0-1"]
[Round "05"]
[TimeControl "180+1"]
[Date "2021.12.14"]
[WhiteClock "0:01:36"]
[BlackClock "0:01:26"]

1. d4 Nf6 2. c4 g6 3. Nc3 Bg7 4. e4 d6 5. Nf3 O-O 6. Be2 Bg4 7. O-O Nfd7 8. Be3 Bxf3 9. Bxf3 e5 10. d5 a5 11. a3 Na6 12. Rb1 f5 13. exf5 gxf5 14. Be2 e4 15. Bd4 Qg5 16. Nb5 Rac8 17. Bxg7 Qxg7 18. Nd4 Rf6 19. Ne6 Qh6 20. b4 Kh8 21. Qd4 Rg8 22. Rb3 f4 23. Rh3 Qxh3 24. Qxe4 Rh6 25. Bh5 Rxh5 0-1


[Site "https://www.chess.com"]

[Event "Titled Tuesday Blitz December 14 2021"]
[White "Papasimakopoulos, Alexandros"]
[Black "Willow, Jonah B"]
[WhiteFideId "4244125"]
[BlackFideId "438804"]
[WhiteElo "2394"]
[BlackElo "2261"]
[Result "0-1"]
[Round "05"]
[TimeControl "180+1"]
[Date "2021.12.14"]
[WhiteClock "0:00:06"]
[BlackClock "0:01:06"]

1. d4 Nf6 2. c4 e6 3. Nc3 c5 4. d5 exd5 5. cxd5 d6 6. Nf3 g6 7. Bf4 Bg7 8. Qa4+ Bd7 9. Qb3 Qc7 10. e4 O-O 11. Be2 b5 12. Bxb5 Nxe4 13. O-O Nxc3 14. bxc3 Bxb5 15. Qxb5 a6 16. Qd3 Nd7 17. Rab1 Rfe8 18. c4 Ne5 19. Nxe5 Bxe5 20. Bg3 Qa5 21. a3 Re7 22. Rfe1 Rae8 23. Bxe5 Rxe5 24. Rxe5 Rxe5 25. g3 h5 26. h4 Kg7 27. Kg2 Qc7 28. Qc3 Kg8 29. Qb2 Re4 30. Qb7 Qxb7 31. Rxb7 Rxc4 32. Rb6 Ra4 33. Rxd6 Rxa3 34. Rc6 Kg7 35. Rxc5 Kf6 36. Rc7 a5 37. d6 a4 38. Ra7 Ke6 39. d7 Ke7 40. d8=Q+ Kxd8 41. Rxf7 Rb3 42. Ra7 a3 43. Ra6 Kc7 44. f3 Kb7 45. Ra4 Kb6 46. g4 Kb5 47. Ra8 Kb4 48. Kg3 Rc3 49. Kf4 Rc5 50. Rb8+ Rb5 51. Re8 a2 52. Re1 Ka3 53. Re3+ Rb3 54. Re1 Rb1 55. Re4 a1=Q 0-1


[Site "https://www.chess.com"]